 Dungeon Crawl Stone Soup version 0.28.0-45-g0d030f2227 (webtiles) character file.

Game seed: 10867561277125244815

5054 Ablot the Slicer (level 10, -7/90 HPs)
             Began as a Gnoll Chaos Knight on Apr 15, 2022.
             Was a Plaything of Xom.
             Killed by divine providence
             ... invoked by an orc priest
              (16 damage)
             ... on level 8 of the Dungeon.
             The game lasted 00:25:36 (8140 turns).

Ablot the Slicer (Gnoll Chaos Knight)               Turns: 8140, Time: 00:25:37

Health: -7/90      AC: 11    Str: 15    XL:     10   Next: 56%
Magic:  27/27      EV: 14    Int: 17    God:    Xom [..*...]
Gold:   450        SH: 11    Dex: 18    Spells: 19/19 levels left

rFire   + . .      SeeInvis +   R - +4 quarterstaff (chaos)
rCold   x . .      Faith    .   (shield currently unavailable)
rNeg    . . .      Spirit   .   v - +0 swamp dragon scales
rPois   +          Reflect  +   (no helmet)
rElec   +          Harm     .   S - +0 cloak
rCorr   .          Rampage  .   y - +0 pair of gloves
Will    .....                   (no boots)
Stlth   ++++......              r - amulet of reflection
HPRegen 0.25/turn               E - ring "Ugaefoer" {rElec rC- MP+9 Str+3 Int+4 Stlth+}
MPRegen 0.20/turn               A - +6 ring of dexterity

@: unable to read
A: fangs 1, strong nose, distributed training, talons 1, large bone plates 2,
see invisible, fire resistance 1, poison resistance, robust 1, screaming 1, weak
1, inability to read while threatened
a: Renounce Religion


You were on level 8 of the Dungeon.
You worshipped Xom.
You were a toy of Xom.
You visited 1 branch of the dungeon, and saw 8 of its levels.

You collected 510 gold pieces.
You spent 60 gold pieces at shops.

Inventory:

Hand Weapons
 a - a +0 short sword of chaos
 b - a +2 long sword of flaming
 c - the +5 mace "Jaseschiu" {elec, rCorr Str+6 Int+4 Stlth+}
   (You found it on level 4 of the Dungeon)

   It occasionally discharges a powerful burst of electricity upon striking a
   foe.
   Str:       It affects your strength (+6).
   Int:       It affects your intelligence (+4).
   rCorr:     It protects you from acid and corrosion.
   Stlth:     It makes you more stealthy.
 I - the +10 dagger "Qozxi" {vorpal, rC- rN+ Dex+7}
   (You found it on level 6 of the Dungeon)

   It inflicts extra damage upon your enemies.
   Dex:       It affects your dexterity (+7).
   rC:        It makes you vulnerable to cold.
   rN:        It protects you from negative energy.
 P - the +6 war axe of Anguish {vorpal, rPois rN+ Stlth+}
   (You found it on level 7 of the Dungeon)

   It inflicts extra damage upon your enemies.
   rPois:     It protects you from poison.
   rN:        It protects you from negative energy.
   Stlth:     It makes you more stealthy.
 R - a +4 quarterstaff of chaos (weapon)
Missiles
 e - 114 bolts
 f - 28 sling bullets
 i - 8 poisoned darts (quivered)
 k - 144 stones
 H - 18 arrows
 J - 9 throwing nets
 Q - 3 boomerangs
Armour
 v - +0 swamp dragon scales (worn)
 y - a +0 pair of gloves (worn)
 M - a +0 buckler
 O - the +5 plate armour of Dyspraxia {rN+ Int-4 SInv}
   (Xom gifted it to you on level 2 of the Dungeon)

   Int:       It affects your intelligence (-4).
   rN:        It protects you from negative energy.
   SInv:      It lets you see invisible.
 S - a +0 cloak (worn)
Jewellery
 q - a ring of willpower
 r - an amulet of reflection (around neck)
 t - a ring of protection from fire
 A - a +6 ring of dexterity (right hand)
 E - the ring "Ugaefoer" (left hand) {rElec rC- MP+9 Str+3 Int+4 Stlth+}
   (You found it on level 5 of the Dungeon)

   [ring of magical power]

   Str:       It affects your strength (+3).
   Int:       It affects your intelligence (+4).
   rC:        It makes you vulnerable to cold.
   rElec:     It insulates you from electricity.
   MP:        It affects your magic capacity (+9).
   Stlth:     It makes you more stealthy.
Wands
 m - a wand of paralysis (4)
 o - a wand of acid (9)
 B - a wand of flame (29)
Scrolls
 g - 2 scrolls of fog {unknown}
 n - 4 scrolls of amnesia {unknown}
 p - a scroll of magic mapping
 x - 2 scrolls of teleportation {unknown}
 G - a scroll of blinking {unknown}
 K - a scroll of immolation {unknown}
 L - a scroll of summoning {unknown}
 N - a scroll of brand weapon {unknown}
 T - a scroll of enchant weapon {unknown}
Potions
 d - 2 potions of might
 h - 2 potions of brilliance
 l - 4 potions of curing
 s - 2 potions of flight
 u - a potion of berserk rage
 w - 2 potions of ambrosia
 z - 3 potions of lignification
 C - a potion of heal wounds
 D - 2 potions of attraction
 F - a potion of mutation {unknown}
Miscellaneous
 j - a phantom mirror


   Skills:
 + Level 8.6 Fighting
 + Level 8.6 Short Blades
 + Level 5.4 Long Blades
 + Level 5.4 Axes
 + Level 5.4 Maces & Flails
 + Level 5.4 Polearms
 + Level 5.4 Staves
 + Level 5.4 Slings
 + Level 5.4 Bows
 + Level 5.4 Crossbows
 + Level 5.4 Throwing
 + Level 7.1 Armour
 + Level 6.0 Dodging
 + Level 5.4 Stealth
 + Level 5.4 Shields
 + Level 5.4 Unarmed Combat
 + Level 5.4 Spellcasting
 + Level 4.4 Conjurations
 + Level 4.4 Hexes
 + Level 4.4 Summonings
 + Level 4.4 Necromancy
 + Level 4.4 Translocations
 + Level 4.4 Transmutations
 + Level 4.4 Fire Magic
 + Level 4.4 Ice Magic
 + Level 4.4 Air Magic
 + Level 4.4 Earth Magic
 + Level 4.4 Poison Magic
 + Level 5.9 Invocations
 + Level 5.4 Evocations


You had 19 spell levels left.
You didn't know any spells.
Your spell library contained the following spells:

 Spells                   Type           Power      Damage    Failure   Level
 Frozen Ramparts          Ice            38%        1d5       12%         3
 Gell's Gravitas          Tloc           19%        N/A       12%         3
 Inner Flame              Hex/Fire       19%        N/A       12%         3
 Teleport Other           Tloc           19%        N/A       12%         3
 Cause Fear               Hex            9%         N/A       36%         4
 Ice Form                 Ice/Tmut       19%        N/A       36%         4
 Summon Ice Beast         Ice/Summ       19%        N/A       36%         4
 Dispersal                Tloc           9%         N/A       99%         6
 Discord                  Hex            9%         N/A       100%        8


Dungeon Overview and Level Annotations

Branches:
Dungeon (8/15)             Temple (0/1) D:6
   Lair: D:8-11

Altars:
Xom

Shops:
D:4 (   D:5 :   D:6 *

Annotations:
Abyss:1 Prince Ribbit


Innate Abilities, Weirdness & Mutations

You have very sharp teeth.
Your uncanny sense of smell can sniff out nearby items.
Your experience applies equally to all skills.
You have sharp toenails.
You are mostly covered in large bone plates. (SH +6)
You have supernaturally acute eyesight. (SInv)
Your flesh is heat resistant. (rF+)
Your system is resistant to poisons. (rPois)
You are robust. (+10% HP)
You occasionally shout uncontrollably at your foes.
You are weak. (Str -2)
You sometimes lose the ability to read scrolls when taking damage.


Message History

You block the orc priest's attack.
You hit the orc priest. You burn the orc priest.
You claw the orc priest, but do no damage.
The orc priest is moderately wounded.
The orc priest invokes the aid of Beogh against you.
Beogh smites you!
You feel threatened and lose the ability to read scrolls!
You block the orc priest's attack.
The orc priest calls down the wrath of Beogh upon you.
Beogh smites you!
You hit the orc priest.
You claw the orc priest, but do no damage.
You bite the orc priest, but do no damage.
The orc priest is severely wounded.
The orc priest hits you with a +0 flail!
* * * LOW HITPOINT WARNING * * *
You block the orc priest's attack.
You sock the orc priest!
You kill the orc priest!
The orc misses you. You block the orc priest's attack.
Unknown command.
You block the orc's attack.
The orc priest mumbles some strange prayers to Beogh against you.
Beogh smites you!
* * * LOW HITPOINT WARNING * * *
You barely miss the orc priest. You block the orc's attack.
The orc priest closely misses you.
You sock the orc priest!
You claw the orc priest, but do no damage.
The orc priest is heavily wounded.
The orc hits you but does no damage.
The orc priest calls down the wrath of Beogh upon you.
Pain shoots through your body!
* * * LOW HITPOINT WARNING * * *
You closely miss the orc priest.
The orc priest is heavily wounded.
You block the orc's attack.
The orc priest invokes the aid of Beogh against you.
Beogh smites you!
You die...

#.. #.......# ..
##..##.......# ....
#............#.....
#........##'##.....
#........#.......#
#........+.......+
#........#.......#
##..##...#.).....#
######...#@o.....#
#........#o......#
#........#...?.###
#........#.....#
#........#.....#
#........#.....#
#........#.....+
##..##...#.....#
##..##...#


You could see an orc priest and an orc.

Vanquished Creatures
  Harold (D:7)
  A torpor snail (shapeshifter) (D:4)
  A jumping spider (shapeshifter) (D:7)
  A yak (D:5)
  Edmund (D:6)
  Menkaure (D:6)
  A water moccasin (D:7)
  A sky beast (D:6)
  2 black bears (D:5)
  3 orc warriors
  An ice beast (D:7)
  An ogre (D:7)
  A wolf (D:7)
  A bullfrog (D:7)
  5 gnoll sergeants (D:7)
  4 scorpions
  A killer bee (D:5)
  8 wights
  6 electric eels (D:5)
  A jelly (D:4)
  4 gnoll shamans (D:7)
  7 hounds
  6 orc priests
  A centaur skeleton (D:7)
  Crazy Yiuf (D:7)
  2 bullfrog skeletons (D:6)
  2 iguanas
  2 orc wizards (D:6)
  A scorpion zombie (D:4)
  A hound skeleton (D:4)
  A howler monkey zombie (D:5)
  30 gnolls
  14 adders
  A howler monkey skeleton (D:4)
  An ufetubus (D:6)
  2 worms (D:4)
  2 dart slugs
  9 orcs
  5 bats
  5 endoplasms
  4 giant cockroaches
  6 goblins
  12 hobgoblins
  6 jackals
  5 quokkas
  2 ball pythons
  2 frilled lizards
  7 kobolds
  4 rats
187 creatures vanquished.

Vanquished Creatures (others)
  Ijyb (D:3)
  An orc (D:5)
  6 plants (D:5)
8 creatures vanquished.

Grand Total: 195 creatures vanquished

Notes
Turn   | Place    | Note
-------+----------+-------------------------------------------
     0 | D:1      | Ablot the Gnoll Chaos Knight began the quest for the Orb.
     0 | D:1      | Reached XP level 1. HP: 23/23 MP: 1/1
    96 | D:1      | XOM: silly message
   189 | D:1      | XOM is BORED!
   189 | D:1      | XOM: silly message
   199 | D:1      | Reached XP level 2. HP: 26/29 MP: 2/2
   581 | D:1      | XOM: give mutations
   581 | D:1      | Gained mutation: You occasionally shout uncontrollably at
                  | your foes. [Xom's mischief]
   581 | D:1      | Gained mutation: You frequently scream uncontrollably at
                  | your foes. [Xom's mischief]
   937 | D:2      | XOM: noise
   942 | D:2      | XOM: give mutations
   942 | D:2      | Gained mutation: You have supernaturally acute eyesight.
                  | (SInv) [Xom's mischief]
   942 | D:2      | Lost mutation: You frequently scream uncontrollably at your
                  | foes. [Xom's mischief]
   942 | D:2      | Gained mutation: You sometimes lose the ability to read
                  | scrolls when taking damage. [Xom's mischief]
   990 | D:2      | Reached XP level 3. HP: 29/35 MP: 2/4
  1144 | D:2      | Reached skill level 1 in Invocations
  1272 | D:2      | XOM: give mutations
  1272 | D:2      | Gained mutation: You are robust. (+10% HP) [Xom's mischief]
  1272 | D:2      | Gained mutation: You are weak. (Str -2) [Xom's mischief]
  1272 | D:2      | Gained mutation: Your flesh is heat resistant. (rF+) [Xom's
                  | mischief]
  1272 | D:2      | Lost mutation: You are weak. (Str -2) [Xom's mischief]
  1318 | D:2      | XOM: give mutation
  1318 | D:2      | Gained mutation: You have sharp toenails. [Xom's mischief]
  1355 | D:2      | Reached skill level 1 in Long Blades
  1355 | D:2      | Reached skill level 1 in Axes
  1355 | D:2      | Reached skill level 1 in Maces & Flails
  1355 | D:2      | Reached skill level 1 in Polearms
  1355 | D:2      | Reached skill level 1 in Staves
  1355 | D:2      | Reached skill level 1 in Slings
  1355 | D:2      | Reached skill level 1 in Bows
  1355 | D:2      | Reached skill level 1 in Crossbows
  1355 | D:2      | Reached skill level 1 in Throwing
  1355 | D:2      | Reached skill level 1 in Stealth
  1355 | D:2      | Reached skill level 1 in Shields
  1355 | D:2      | Reached skill level 1 in Unarmed Combat
  1355 | D:2      | Reached skill level 1 in Spellcasting
  1355 | D:2      | Reached skill level 1 in Evocations
  1416 | D:2      | Reached XP level 4. HP: 17/45 MP: 5/5
  1498 | D:2      | XOM: stat loss: -1 Int (10/11)
  1597 | D:2      | XOM: stat loss: -1 Dex (11/12)
  1658 | D:2      | XOM: god gift: phantom mirror
  1742 | D:3      | Found a faded altar of an unknown god.
  1750 | D:2      | XOM is BORED!
  1750 | D:2      | XOM: give mutation
  1750 | D:2      | Gained mutation: Your system is resistant to poisons.
                  | (rPois) [Xom's mischief]
  1751 | D:2      | Identified the +5 plate armour of Dyspraxia {rN+ Int-4
                  | SInv} (Xom gifted it to you on level 2 of the Dungeon)
  1751 | D:2      | XOM: god gift: +5 plate armour of Dyspraxia {rN+ Int-4
                  | SInv}
  1869 | D:3      | Noticed Ijyb
  1877 | D:3      | Killed Ijyb
  1877 | D:3      | XOM: divine lightning
  1897 | D:3      | XOM: scenery: create altars
  1926 | D:3      | Reached skill level 1 in Conjurations
  1926 | D:3      | Reached skill level 1 in Hexes
  1926 | D:3      | Reached skill level 1 in Summonings
  1926 | D:3      | Reached skill level 1 in Necromancy
  1926 | D:3      | Reached skill level 1 in Translocations
  1926 | D:3      | Reached skill level 1 in Transmutations
  1926 | D:3      | Reached skill level 1 in Fire Magic
  1926 | D:3      | Reached skill level 1 in Ice Magic
  1926 | D:3      | Reached skill level 1 in Air Magic
  1926 | D:3      | Reached skill level 1 in Earth Magic
  1926 | D:3      | Reached skill level 1 in Poison Magic
  2001 | D:3      | XOM: scenery: create altars
  2067 | D:3      | You fall into a shaft and drop 3 floors!
  2069 | D:6      | Noticed a sky beast
  2070 | D:6      | Found a staircase to the Ecumenical Temple.
  2070 | D:6      | XOM: 2-stop teleportation journey
  2164 | D:6      | Noticed a scorpion
  2166 | D:6      | XOM: fake destruction
  2168 | D:6      | Reached XP level 5. HP: 17/51 MP: 5/7
  2181 | D:6      | Reached XP level 6. HP: 14/58 MP: 6/8
  2198 | D:5      | Entered Level 5 of the Dungeon
  2202 | D:5      | XOM: give mutations
  2202 | D:5      | Gained mutation: You are partially covered in large bone
                  | plates. (SH +4) [Xom's grace]
  2202 | D:5      | Gained mutation: You are very robust. (+20% HP) [Xom's
                  | grace]
  2202 | D:5      | Gained mutation: Your mind is acute. (Int +2) [Xom's grace]
  2202 | D:5      | Gained mutation: You are mostly covered in large bone
                  | plates. (SH +6) [Xom's grace]
  2204 | D:5      | Reached skill level 5 in Armour
  2556 | D:3      | XOM: scenery: summon butterflies
  3074 | D:4      | XOM: draining
  3121 | D:4      | Reached XP level 7. HP: 48/65 MP: 10/10
  3397 | D:4      | Identified the +5 mace "Jaseschiu" {elec, rCorr Str+6 Int+4
                  | Stlth+}
  3667 | D:4      | Noticed a glowing shapeshifter
  3667 | D:4      | a quokka changed into a glowing shapeshifter
  3668 | D:4      | Noticed a wolf spider
  3668 | D:4      | a glowing shapeshifter changed into a wolf spider
  3672 | D:4      | Noticed a torpor snail
  3672 | D:4      | a wolf spider changed into a torpor snail
  3674 | D:4      | XOM: potion effect (berserk rage)
  3678 | D:4      | Killed a torpor snail
  3679 | D:4      | Reached XP level 8. HP: 80/80 MP: 10/12
  3752 | D:4      | Found Veuxebirgh's Antique Weapon Boutique.
  4017 | D:4      | XOM: silly message
  4119 | D:5      | Found Odduech's Self-Improvement Boutique.
  4430 | D:5      | XOM: enchant monster (good)
  4664 | D:5      | Noticed a yak
  4676 | D:5      | Killed a yak
  4814 | D:5      | Identified the ring "Ugaefoer" {rElec rC- MP+9 Str+3 Int+4
                  | Stlth+}
  4816 | D:5      | XOM: 2-stop teleportation journey
  4817 | D:5      | XOM: enchant monster (bad)
  4819 | D:5      | XOM: summons friendly ufetubus
  4824 | D:5      | XOM: confuse monster(s)
  4871 | D:5      | XOM: noise
  4888 | D:5      | Reached XP level 9. HP: 66/86 MP: 14/14
  5253 | D:6      | Noticed Edmund
  5262 | D:6      | Killed Edmund
  5353 | D:6      | Found Dadghere's General Store.
  5362 | D:6      | Bought a potion of curing for 36 gold pieces
  5362 | D:6      | Bought a scroll of identify for 24 gold pieces
  5371 | D:6      | XOM: enchant monster (good)
  5541 | D:6      | Noticed Menkaure
  5548 | D:6      | Killed Menkaure
  5549 | D:6      | Reached skill level 5 in Dodging
  5648 | D:6      | Identified the +10 dagger "Qozxi" {vorpal, rC- rN+ Dex+7}
  6350 | D:6      | XOM: silly message
  6690 | D:7      | Reached skill level 5 in Invocations
  6777 | D:7      | XOM: polymorph gnoll -> shapeshifter
  6778 | D:7      | Noticed a harpy
  6778 | D:7      | a shapeshifter changed into a harpy
  6788 | D:7      | a harpy changed into a jumping spider
  6790 | D:7      | XOM: potion effect (heal wounds)
  7250 | D:7      | Reached XP level 10. HP: 91/96 MP: 17/17
  7322 | D:7      | XOM: enchant monster (good)
  7391 | D:7      | Identified the +6 war axe of Anguish {vorpal, rPois rN+
                  | Stlth+}
  7435 | D:7      | XOM: cast spell 'Dispersal'
  7438 | D:7      | XOM: noise
  7464 | D:7      | Reached skill level 5 in Long Blades
  7464 | D:7      | Reached skill level 5 in Axes
  7464 | D:7      | Reached skill level 5 in Maces & Flails
  7464 | D:7      | Reached skill level 5 in Polearms
  7464 | D:7      | Reached skill level 5 in Staves
  7464 | D:7      | Reached skill level 5 in Slings
  7464 | D:7      | Reached skill level 5 in Bows
  7464 | D:7      | Reached skill level 5 in Crossbows
  7464 | D:7      | Reached skill level 5 in Throwing
  7464 | D:7      | Reached skill level 5 in Stealth
  7464 | D:7      | Reached skill level 5 in Shields
  7464 | D:7      | Reached skill level 5 in Unarmed Combat
  7464 | D:7      | Reached skill level 5 in Spellcasting
  7464 | D:7      | Reached skill level 5 in Evocations
  7677 | D:7      | Noticed Prince Ribbit
  7683 | D:7      | Banished Prince Ribbit
  7719 | D:7      | Found a runed translucent door.
  7720 | D:7      | Noticed Crazy Yiuf
  7728 | D:7      | Killed Crazy Yiuf
  7798 | D:7      | Noticed Harold
  7808 | D:7      | XOM: confuse monster(s)
  7814 | D:7      | XOM: confuse monster(s)
  7818 | D:7      | XOM: divination: magic mapping
  7819 | D:7      | Killed Harold
  7966 | D:7      | Noticed Maggie
  7967 | D:7      | XOM: confuse monster(s)
  7971 | D:7      | Noticed Maggie
  7971 | D:7      | Maggie changed into Maggie the water moccasin
  7971 | D:7      | XOM: polymorph Maggie -> Maggie the water moccasin
  7978 | D:7      | Killed Maggie the water moccasin
  8031 | D:7      | XOM: give mutations
  8031 | D:7      | Gained mutation: You are weak. (Str -2) [Xom's mischief]
  8031 | D:7      | Lost mutation: Your mind is acute. (Int +2) [Xom's
                  | mischief]
  8031 | D:7      | Lost mutation: You are very robust. (+20% HP) [Xom's
                  | mischief]
  8042 | D:7      | XOM: noise
  8140 | D:8      | Killed from afar by an orc priest

Illustrated notes

Levels and vault maps discovered:
D:1:      lemuel_arrival_cross, layout_basic
D:2:      layout_rooms, minmay_quantized
D:3:      layout_loops_ring, serial_glass, glass_columns_a, glass_columns_b,
          minmay_strange_pillars, feat_on_display, item_on_display_a,
          feat_on_display, nicolae_ecumenical_oubliette, nrook_campfire,
          minmay_randomly_rotated_circles, uniq_ijyb
D:4:      minmay_razor_zed, layout_layer_cave, serial_shops, shop_statue,
          nicolae_figureground_pulse
D:5:      cheibrodos_two_vegetables, layout_loops_ring, nicolae_shop_self_help
D:6:      layout_loops_ring, minmay_temple_entry_mini_moons, serial_shops, shop,
          uniq_edmund, uniq_menkaure
D:7:      layout_cave_pools, serial_gnoll_camp, gnoll_camp_huts_basic,
          gnoll_camp_mini_loothouse, gnoll_camp_mini_sergeant,
          gnoll_camp_mini_hut, gnoll_camp_medium_01, uniq_harold,
          uniq_prince_ribbit1, uniq_maggie, uniq_crazy_yiuf_cottage
D:8:      layout_gridville, minmay_lair_entry_grove, hex_medium,
          david_defended_altar_orc

Skill      XL: |  1  2  3  4  5  6  7  8  9 10 |
---------------+-------------------------------+-----
Invocations    | 1 2 3 4 5 |  5.9
Long Blades    | 1 2 3 4 5 |  5.4
Axes           | 1 2 3 4 5 |  5.4
Maces & Flails | 1 2 3 4 5 |  5.4
Polearms       | 1 2 3 4 5 |  5.4
Staves         | 1 2 3 4 5 |  5.4
Slings         | 1 2 3 4 5 |  5.4
Bows           | 1 2 3 4 5 |  5.4
Crossbows      | 1 2 3 4 5 |  5.4
Throwing       | 1 2 3 4 5 |  5.4
Stealth        | 1 2 3 4 5 |  5.4
Shields        | 1 2 3 4 5 |  5.4
Unarmed Combat | 1 2 3 4 5 |  5.4
Spellcasting   | 1 2 3 4 5 |  5.4
Evocations     | 1 2 3 4 5 |  5.4
Conjurations   | 1 2 3 4 |  4.4
Hexes          | 1 2 3 4 |  4.4
Summonings     | 1 2 3 4 |  4.4
Necromancy     | 1 2 3 4 |  4.4
Translocations | 1 2 3 4 |  4.4
Transmutations | 1 2 3 4 |  4.4
Fire Magic     | 1 2 3 4 |  4.4
Ice Magic      | 1 2 3 4 |  4.4
Air Magic      | 1 2 3 4 |  4.4
Earth Magic    | 1 2 3 4 |  4.4
Poison Magic   | 1 2 3 4 |  4.4
Dodging        | 3 4 5 6 |  6.0
Armour         | 5 6 7 |  7.1
Fighting       | 7 8 |  8.6
Short Blades   | 7 8 |  8.6

Action                   |  1- 3 |  4- 6 |  7- 9 | 10-12 || total
-------------------------+-------+-------+-------+-------++-------
Melee: Short sword       |    84 |   130 |   389 |    87 ||   690
       Bite              |     8 |    25 |    41 |    18 ||    92
       Punch             |     1 |     3 |    19 |       ||    23
       Kick              |       |    32 |   126 |    53 ||   211
       Mace              |       |       |     6 |       ||     6
       Quarterstaff      |       |       |       |    46 ||    46
Throw: Dart              |       |     2 |    18 |     8 ||    28
       Stone             |       |       |     2 |       ||     2
       Boomerang         |       |       |       |     3 ||     3
Evoke: Wand              |       |       |     2 |       ||     2
  Use: Scroll            |       |     1 |       |     8 ||     9
 Stab: Sleeping          |     1 |     2 |    11 |       ||    14
       Confused          |       |       |     3 |     2 ||     5
       Distracted        |       |       |     2 |       ||     2
Armor: Leather armour    |    18 |    22 |    55 |    13 ||   108
       Swamp dragon scal |       |       |       |     1 ||     1
Dodge: Dodged            |    45 |    53 |   143 |    63 ||   304
Block: Other             |       |    25 |   171 |    25 ||   221
       Buckler           |       |       |    16 |    74 ||    90
       Reflection        |       |       |       |     6 ||     6
